 Dungeon Crawl Stone Soup version 0.18-a0-1229-ge9a1a01 (console) character file.

251338 sorlin the Wrestler (level 19, 130/179 HPs)
             Began as a Ghoul Berserker on Feb 4, 2016.
             Was the Champion of Makhleb.
             Took a swim in molten lava
             ... on level 3 of the Abyss.
             The game lasted 02:46:06 (38279 turns).

sorlin the Wrestler (Ghoul Berserker)              Turns: 38279, Time: 02:46:06

Health: 130/179    AC: 33    Str: 26      XL:     19   Next: 65%
Magic:  21/21      EV:  2    Int:  3 (8)  God:    Makhleb [******]
Gold:   2732       SH:  0    Dex: 14      Spells: 0 memorised, 18 levels left

rFire  . . .     SeeInvis .       - Unarmed
rCold  + . .     Gourm    .     m - +8 chain mail of the King {+Fly rPois Str+4 Stlth+}
rNeg   + + +     Faith    .     (no shield)
rPois  ∞         Spirit   .     x - +0 helmet
rElec  .         Dismiss  .     f - +2 cloak of Submission {Int+5}
rCorr  .         Reflect  .     r - +1 pair of gloves
SustAt .         Harm     .     q - +0 pair of boots
MR     +....                    O - amulet of regeneration
Stlth  ..........               z - ring of flight
                                S - +3 ring of protection

@: petrified, very slightly contaminated, rotting, somewhat resistant to hostile
enchantments, extremely unstealthy
A: rotting body, claws 1, carnivore 3, cold resistance 1, negative energy
resistance 3, slow regeneration 1, torment resistance, unbreathing
a: Minor Destruction, Lesser Servant of Makhleb, Major Destruction, Greater
Servant of Makhleb, Renounce Religion, Evoke Flight
}: 2/15 runes: decaying, gossamer


You were on level 3 of the Abyss.
You worshipped Makhleb.
Makhleb was exalted by your worship.
You were not hungry.

You visited 6 branches of the dungeon, and saw 35 of its levels.
You visited the Abyss 2 times.
You also visited: Volcano.

You collected 3686 gold pieces.
You spent 811 gold pieces at shops.

Inventory:

Missiles
 k - 3 tomahawks of dispersal (quivered)
 J - 20 tomahawks of returning
Armour
 f - the +2 cloak of Submission (worn) {Int+5}
   (You found it on level 11 of the Dungeon)

   It affects your intelligence (+5).
 m - the +8 chain mail of the King (worn) {+Fly rPois Str+4 Stlth+}
   (You bought it in a shop on level 2 of the Orcish Mines)

   It affects your strength (+4).
   It protects you from poison.
   It lets you fly.
   It makes you more stealthy.
 q - a +0 pair of boots (worn)
 r - a +1 pair of gloves (worn)
 x - a +0 helmet (worn)
 E - a +0 shield of reflection
 Y - a +0 fire dragon armour
Rods
 d - a +2 rod of shadows (14/14) {@w2}
   (You found it on level 4 of the Spider Nest)
Jewellery
 z - a ring of flight (right hand)
 O - an amulet of regeneration (around neck)
 S - a +3 ring of protection (left hand)
 W - a +3 ring of dexterity
 X - an uncursed ring of protection from fire
Wands
 b - a wand of hasting (3/9)
 s - a wand of lightning (9/15)
 u - a wand of disintegration (19/24)
 D - a wand of digging (9/24)
 I - a wand of heal wounds (1/9)
 M - a wand of paralysis (10/24)
 R - a wand of disintegration (11/24)
 U - a wand of enslavement (15/24)
 V - a wand of confusion (9/48)
Scrolls
 c - 10 scrolls of enchant weapon
 e - 7 scrolls of teleportation
 j - 5 scrolls of remove curse
 l - 6 scrolls of fog
 n - 4 scrolls of magic mapping
 p - 5 scrolls of enchant armour
 K - 4 scrolls of fear
 L - a scroll of blinking
 Q - 2 scrolls of recharging
Potions
 a - 4 potions of heal wounds
 g - 3 potions of haste
 o - 5 potions of flight
 t - a potion of cancellation
 v - 2 potions of resistance
 y - 5 potions of might
 A - 3 potions of brilliance
 B - 16 potions of curing
 H - a potion of agility
 P - a potion of magic
Miscellaneous
 w - a sack of spiders {used: 2}
 F - a legendary deck of wonders {the Alchemist, drawn: 2}
 G - an ornate deck of war {the Potion, drawn: 3}
 N - a phantom mirror
 T - a stone of tremors
 Z - a lamp of fire
Comestibles
 h - 6 beef jerkies
 i - 17 meat rations
 C - 9 chunks of flesh


   Skills:
 + Level 17.8 Fighting
 + Level 14.6 Armour
 + Level 12.0 Dodging
 * Level 22.0 Unarmed Combat
 - Level 5.0 Invocations
 - Level 5.0 Evocations


You had 18 spell levels left.
You didn't know any spells.

Dungeon Overview and Level Annotations

Branches:
Dungeon (15/15)            Temple (0/1) D:7            Lair (8/8) D:9
  Swamp (4/4) Lair:5       Spider (4/4) Lair:5        Slime (0/6) Lair:6
    Orc (2/2) D:12            Elf (2/3) Orc:2        Vaults (0/5) D:14
 Depths (0/5) D:15

Altars:
Ashenzari
Elyvilon
Fedhas
Kikubaaqudgha
Makhleb
Nemelex Xobeh
Pakellas
Ru
Vehumet
Xom
Jiyva

Shops:
D:9 }   D:10 ?   Orc:2 (%[(   Elf:2 [


Innate Abilities, Weirdness & Mutations

Your body is rotting away.
You thrive on raw meat.
You are immune to poison.
You have sharp fingernails.
You are carnivorous and can eat meat at any time.
Your flesh is cold resistant.
You are immune to negative energy.
You regenerate slowly when monsters are visible.
You are immune to unholy pain and torment.
You can survive without breathing.


Message History

The catoblepas skeleton gores you but does no damage.
Your limbs are stiffening.
You hit the earth elemental but do no damage.
The catoblepas skeleton gores you.
You have turned to stone.
Careful!
You are starting to lose your buoyancy.
The catoblepas skeleton gores you but does no damage.
The earth elemental completely misses you.
The catoblepas skeleton gores you!
The catoblepas skeleton gores you but does no damage.
The earth elemental hits you.
The catoblepas skeleton barely misses you.
The catoblepas skeleton gores you but does no damage.
The catoblepas skeleton gores you but does no damage.
The earth elemental hits you but does no damage.
The catoblepas skeleton gores you but does no damage.
The catoblepas skeleton gores you but does no damage.
You float gracefully downwards.
You fall into the lava!
The lava burns you to a cinder!
You die...

##### .# .##
####### #.. !
.#...#.# #.. ..#
.#.#.#Z###+# . ..
.≈≈≈≈≈≈≈≈≈@E..# .
.##..##E#Z#Z#Z###+#
.. †. 8#. . .#.#
... ######## . . .
. # .# . #..# #. #
. ##. . ..


You could see 2 earth elementals and 4 catoblepas skeletons.

Vanquished Creatures
  the Lernaean hydra (Swamp:4)
  6 tentacled starspawn (Abyss:3)
  2 thorn hunters
  Roxanne (Swamp:1)
  Donald (Orc:2)
  8 emperor scorpions
  5 ghost moths
  The ghost of daryashkoh the Nimble, a journeyman GrMo of the Shining One (Orc:2)
  A reaper (Abyss:3)
  A very ugly thing (Swamp:4)
  A deep elf annihilator (Elf:1)
  A spark wasp (Spider:4)
  Snorg (Lair:5)
  3 deep elf death magi
  2 green deaths (Swamp:4)
  3 vault guards (D:14)
  A fire dragon (Lair:8)
  Erolcha (Volcano)
  3 ice dragons
  4 entropy weavers
  13 hydras
  2 centaur warriors
  A ghost crab (Swamp:3)
  3 catoblepae
  A naga warrior (Abyss:3)
  2 ogre magi (Orc:2)
  5 death yaks
  5 dancing weapons
  A tengu warrior (D:15)
  2 thrashing horrors (Abyss:3)
  4 alligators
  An orc high priest (Orc:1)
  A sun demon (Abyss:3)
  7 deep elf knights (Elf:2)
  10 large abominations
  A shadow wraith (Abyss:3)
  2 wretched stars (Abyss:3)
  4 skeletal warriors (D:14)
  3 deep trolls
  A giant orange brain (Abyss:3)
  3 unseen horrors
  3 spriggan druids
  2 shambling mangroves
  A spatial maelstrom (Abyss:1)
  An anaconda zombie (Abyss:3)
  4 deep elf archers (Elf:2)
  A shadow demon (Abyss:3)
  8 hill giants
  3 lindwurms (Lair:8)
  7 swamp dragons
  12 orb spiders
  17 deep elf magi
  3 orc knights
  4 hornets
  27 wolf spiders
  An orc sorcerer (Orc:2)
  2 wizards
  3 manticores
  3 moths of wrath
  An elephant (D:9)
  4 cyclopes
  2 sixfirhies (Abyss:3)
  3 griffons
  16 ugly things
  An apocalypse crab (Abyss:3)
  8 torpor snails
  7 smoke demons (Abyss:3)
  9 black mambas
  An orange demon (Abyss:1)
  A gargoyle (D:11)
  15 spiny frogs
  10 komodo dragons
  An ice devil (Abyss:3)
  12 demonic crawlers
  2 fire drakes
  A hellwing (Abyss:3)
  A freezing wraith (Abyss:3)
  28 jumping spiders
  The ghost of sugabear the Ducker, a novice VSGl (D:5)
  10 giant leeches
  10 trolls
  10 raiju
  2 polar bears
  18 blink frogs
  16 slime creatures
  14 two-headed ogres
  12 bog bodies
  A boulder beetle (Spider:1)
  A flying skull (Abyss:3)
  Sigmund (D:3)
  11 spriggans
  3 ynoxinuls (Abyss:3)
  An air elemental (Elf:2)
  5 shadows (Swamp:4)
  35 tarantellas
  2 vampires
  72 redbacks
  34 yaks
  A wraith (D:14)
  5 wyverns
  2 fire elementals (Elf:2)
  4 fire bats (Abyss:3)
  3 basilisks
  A human (D:14)
  2 neqoxecs (Abyss:3)
  18 vampire mosquitoes
  11 hippogriffs
  3 hungry ghosts
  24 wolves
  A chaos spawn (Abyss:3)
  A steam dragon (Lair:8)
  A naga (Abyss:3)
  2 mottled dragons
  13 insubstantial wisps
  24 swamp worms
  2 wargs
  A soldier ant (D:10)
  20 water moccasins
  13 swamp drakes
  8 porcupines
  18 orc warriors
  8 ice beasts
  2 phantoms
  6 sky beasts
  4 black bears
  18 wasps
  4 eyes of draining
  7 boggarts
  23 ogres
  20 centaurs
  14 crocodiles
  A big kobold (D:11)
  16 giant frogs
  2 earth elementals (Abyss:3)
  7 scorpions
  2 water moccasin skeletons
  10 killer bees
  2 spriggan skeletons (D:10)
  6 wights
  An electric eel (Spider:1)
  7 crimson imps
  A giant frog zombie (D:11)
  4 centaur zombies
  22 orc wizards
  11 hounds
  2 jellies
  9 orc priests
  5 giant frog skeletons
  An iron imp (Abyss:3)
  5 centaur skeletons
  Terence (D:3)
  7 iguanas
  7 worker ants
  54 sheep
  4 small abominations (Abyss:3)
  A hound zombie (D:5)
  Robin (D:4)
  2 worker ant zombies
  9 adders
  51 river rats
  4 shadow imps
  An ufetubus (Abyss:3)
  2 oozes
  4 adder skeletons
  18 worms
  6 giant geckos
  83 orcs
  A bat zombie (D:5)
  6 giant cockroaches
  15 goblins
  12 hobgoblins
  15 jackals
  5 quokkas
  2 ball pythons
  5 bats
  7 giant newts
  15 kobolds
  2 quokka skeletons
  A rat (D:2)
  2 rat zombies (D:5)
  A briar patch (Swamp:2)
  A fungus (D:11)
  A plant (Lair:8)
  9 starspawn tentacles (Abyss:3)
1356 creatures vanquished.

Vanquished Creatures (collateral kills)
  Maud (Lair:7)
  A vault guard (D:14)
  A catoblepas (Lair:6)
  5 hydras
  4 death yaks (Lair:8)
  Sonja (D:12)
  A deep elf mage (Elf:2)
  An orb spider (Spider:3)
  A griffon (Lair:8)
  A spiny frog (Lair:8)
  A yaktaur (D:14)
  A fire drake (Lair:8)
  A tengu conjurer (D:14)
  2 slime creatures (Swamp:4)
  2 giant leeches (Lair:8)
  A shock serpent simulacrum (Abyss:3)
  3 redbacks (Spider:3)
  2 tarantellas (Spider:3)
  A basilisk (Lair:8)
  8 yaks
  An insubstantial wisp (Swamp:4)
  An orc warrior (D:14)
  2 ogres (Orc:2)
  2 crocodiles
  2 giant frogs (Lair:6)
  A scorpion (Lair:5)
  2 orc priests (Orc:2)
  An orc wizard (Orc:2)
  An iguana (Lair:8)
  A river rat (Lair:8)
  A worm (Lair:8)
  An orc (Orc:2)
55 creatures vanquished.

Vanquished Creatures (others)
  An ancient lich (Abyss:3)
  A deep elf knight (Elf:2)
  A naga (Lair:8)
  A troll (Swamp:3)
  A blink frog (Abyss:3)
  A swamp worm (Swamp:2)
  A boggart (D:15)
  An orc (D:11)
  A jackal (D:5)
  2 bushes (Lair:8)
  17 fungi
  13 plants
  14 starspawn tentacles (Abyss:3)
  148 starspawn tentacle segments (Abyss:3)
203 creatures vanquished.

Grand Total: 1614 creatures vanquished

Notes
Turn   | Place    | Note
--------------------------------------------------------------
     0 | D:1      | sorlin the Ghoul Berserker began the quest for the Orb.
     0 | D:1      | Reached XP level 1. HP: 19/19 MP: 0/0
   171 | D:1      | Reached XP level 2. HP: 13/25 MP: 1/1
   176 | D:1      | Reached skill level 4 in Unarmed Combat
   542 | D:1      | Reached ** piety under Trog
   577 | D:1      | Reached XP level 3. HP: 31/31 MP: 2/2
  1127 | D:2      | Found an oddly glowing altar of Pakellas.
  1585 | D:3      | Reached XP level 4. HP: 40/40 MP: 3/3
  1687 | D:3      | Noticed Sigmund
  1717 | D:3      | Killed Sigmund
  1717 | D:3      | Reached skill level 6 in Unarmed Combat
  1717 | D:3      | Reached XP level 5. HP: 11/47 MP: 4/4
  1717 | D:3      | Reached XP level 6. HP: 12/53 MP: 5/5
  2067 | D:3      | Found a shattered altar of Ashenzari.
  2191 | D:3      | Noticed Terence
  2204 | D:3      | Killed Terence
  2555 | D:4      | Reached skill level 5 in Fighting
  2713 | D:4      | Reached skill level 7 in Unarmed Combat
  2742 | D:4      | Reached XP level 7. HP: 61/61 MP: 6/6
  3056 | D:4      | Reached *** piety under Trog
  3208 | D:4      | Noticed Robin
  3610 | D:4      | Killed Robin
  3718 | D:5      | Entered Level 5 of the Dungeon
  3798 | D:5      | Reached skill level 8 in Unarmed Combat
  4215 | D:5      | Reached XP level 8. HP: 58/70 MP: 7/7
  4234 | D:5      | Noticed sugabear's ghost (novice VSGl)
  4300 | D:5      | Killed sugabear's ghost
  4300 | D:5      | Reached skill level 9 in Unarmed Combat
  4860 | D:5      | Found an ancient bone altar of Kikubaaqudgha.
  4959 | D:6      | Reached skill level 10 in Unarmed Combat
  5018 | D:6      | Found a blossoming altar of Fedhas.
  5022 | D:6      | Found a radiant altar of Vehumet.
  5095 | D:6      | Found a shimmering altar of Xom.
  5116 | D:6      | Got a shimmering ring mail
  5127 | D:6      | Identified the +7 ring mail of Dim Light {rPois Dex+5} (You found it on level 6 of the Dungeon)
  5346 | D:6      | Found a sparkling altar of Nemelex Xobeh.
  5346 | D:6      | Found a white marble altar of Elyvilon.
  5401 | D:6      | Reached XP level 9. HP: 78/78 MP: 8/8
  5707 | D:7      | Reached **** piety under Trog
  5864 | D:7      | Reached skill level 11 in Unarmed Combat
  6126 | D:7      | Found a staircase to the Ecumenical Temple.
  7077 | D:9      | Reached skill level 12 in Unarmed Combat
  7089 | D:9      | Found Vuovim's Gadget Emporium.
  7199 | D:9      | Killed an unseen horror
  7199 | D:9      | Reached XP level 10. HP: 69/91 MP: 9/9
  7233 | D:9      | Found a sacrificial altar of Ru.
  7309 | D:9      | Noticed an elephant
  7326 | D:9      | Killed an elephant
  7387 | D:9      | Reached skill level 13 in Unarmed Combat
  7389 | D:9      | Found a staircase to the Lair.
  7492 | D:9      | Reached skill level 10 in Fighting
  7698 | D:10     | Entered Level 10 of the Dungeon
  7849 | D:10     | Reached ***** piety under Trog
  8156 | D:10     | Found Fapsess's Magic Scroll Shoppe.
  8189 | D:10     | Bought a scroll of fear for 45 gold pieces
  8189 | D:10     | Bought a scroll of teleportation for 39 gold pieces
  8189 | D:10     | Bought a scroll of blinking for 97 gold pieces
  8189 | D:10     | Bought a scroll of enchant armour for 97 gold pieces
  8189 | D:10     | Bought a scroll of remove curse for 39 gold pieces
  8189 | D:10     | Bought a scroll of identify for 26 gold pieces
  8189 | D:10     | Bought a scroll of teleportation for 39 gold pieces
  8189 | D:10     | Bought a scroll of fear for 45 gold pieces
  8189 | D:10     | Bought a scroll of fear for 45 gold pieces
  8189 | D:10     | Bought a scroll of magic mapping for 45 gold pieces
  8407 | D:10     | Reached skill level 14 in Unarmed Combat
  8428 | D:10     | Reached XP level 11. HP: 93/101 MP: 10/10
  8455 | D:10     | Killed an unseen horror
  8818 | Lair:1   | Entered Level 1 of the Lair of Beasts
  8821 | Lair:1   | Noticed an eight-headed hydra
  8828 | Lair:1   | Killed an eight-headed hydra
  9678 | Lair:2   | Reached skill level 15 in Unarmed Combat
  9806 | Lair:1   | Received a gift from Trog
  9958 | Lair:2   | Reached skill level 5 in Armour
 10333 | Lair:2   | Reached XP level 12. HP: 45/110 MP: 11/11
 10385 | Lair:2   | Got an ichor-stained ring mail
 10396 | Lair:2   | Identified the +1 ring mail of the Hidden Vale {+Inv rF+ MR- Int+4} (You found it on level 2 of the Lair of Beasts)
 10904 | Lair:3   | Reached skill level 16 in Unarmed Combat
 11339 | Lair:3   | Noticed a four-headed hydra
 11357 | Lair:3   | Killed a four-headed hydra
 11906 | Lair:4   | Received a gift from Trog
 12067 | Lair:5   | Noticed an eight-headed hydra
 12070 | Lair:5   | Killed an eight-headed hydra
 12096 | Lair:5   | Found a hole to the Spider Nest.
 12448 | Lair:5   | Noticed Snorg
 12452 | Lair:5   | Killed Snorg
 12452 | Lair:5   | Reached skill level 17 in Unarmed Combat
 12452 | Lair:5   | Reached XP level 13. HP: 119/119 MP: 12/12
 12479 | Lair:5   | Found a staircase to the Swamp.
 13125 | Lair:6   | Found a viscous altar of Jiyva.
 13125 | Lair:6   | Found a staircase to the Slime Pits.
 13401 | Lair:6   | Found a blossoming altar of Fedhas.
 13576 | Lair:7   | Received a gift from Trog
 13660 | Lair:7   | Noticed Maud
 13779 | Lair:7   | Killed Maud
 14464 | Lair:7   | Reached skill level 18 in Unarmed Combat
 14696 | Lair:8   | Entered Level 8 of the Lair of Beasts
 14929 | Lair:7   | Reached XP level 14. HP: 28/129 MP: 13/13
 15078 | Lair:8   | Found a runed door.
 15567 | Lair:8   | Received a gift from Trog
 15633 | Lair:8   | Hired Ziqulax the naga for 143 gold.
 15667 | Lair:8   | Your ally Ziqulax died
 15876 | Lair:8   | Reached skill level 19 in Unarmed Combat
 16984 | D:11     | Received a gift from Trog
 17142 | D:11     | Got a steaming cloak
 17153 | D:11     | Identified the +2 cloak of Submission {Int+5} (You found it on level 11 of the Dungeon)
 17278 | D:11     | Found a shimmering altar of Xom.
 17484 | D:11     | Reached skill level 10 in Armour
 17595 | D:12     | Noticed Sonja
 17796 | D:12     | Cast into level 1 of the Abyss (Sonja)
 18035 | Abyss:1  | Found a corrupted altar of Lugonu.
 18043 | D:12     | Escaped the Abyss
 18274 | D:12     | Killed Sonja
 18547 | D:12     | Found a staircase to the Orcish Mines.
 18927 | Orc:1    | Entered Level 1 of the Orcish Mines
 18974 | Orc:1    | Found a dark tunnel.
 18977 | Volcano  | Entered a volcano
 18994 | Volcano  | Noticed Erolcha
 19007 | Volcano  | Killed Erolcha
 19347 | Orc:1    | Reached XP level 15. HP: 118/139 MP: 14/14
 19618 | Orc:1    | You fall through a shaft!
 19618 | Orc:2    | Entered Level 2 of the Orcish Mines
 19788 | Orc:2    | Noticed Donald
 20002 | Orc:2    | Found Kunia's Antique Weapon Emporium.
 20004 | Orc:2    | Found a staircase to the Elven Halls.
 20158 | Orc:2    | Noticed daryashkoh's ghost (journeyman GrMo)
 20391 | Orc:1    | Reached skill level 5 in Dodging
 20540 | Orc:2    | Killed daryashkoh's ghost
 21209 | Orc:2    | Found Guehua's Food Boutique.
 21333 | Orc:2    | Found Iddeitad's Antique Armour Boutique.
 21337 | Orc:2    | Found Nailo Xon's Antique Weapon Shop.
 21417 | Orc:2    | Killed Donald
 21449 | Orc:2    | Reached skill level 15 in Fighting
 21963 | Orc:2    | Bought a smoking chain mail for 294 gold pieces
 21973 | Orc:2    | Identified the +8 chain mail of the King {+Fly rPois Str+4 Stlth+} (You bought it in a shop on level 2 of the Orcish Mines)
 23208 | D:14     | Received a gift from Trog
 23707 | D:14     | Found a shattered altar of Ashenzari.
 24029 | D:14     | Reached skill level 1 in Evocations
 24121 | D:14     | Reached XP level 16. HP: 138/149 MP: 15/15
 24187 | D:14     | Found a gate to the Vaults.
 24274 | D:15     | Entered Level 15 of the Dungeon
 24736 | D:15     | Found a staircase to the Depths.
 25175 | D:15     | Reached skill level 20 in Unarmed Combat
 25669 | Spider:1 | Entered Level 1 of the Spider Nest
 25951 | Spider:1 | Reached ****** piety under Trog
 26040 | Spider:1 | Received a gift from Trog
 27762 | Spider:2 | Received a gift from Trog
 27770 | Spider:2 | Reached skill level 5 in Evocations
 27937 | Spider:2 | Reached XP level 17. HP: 158/158 MP: 19/19
 29398 | Spider:3 | Reached skill level 10 in Dodging
 29436 | Spider:4 | Entered Level 4 of the Spider Nest
 29881 | Spider:4 | Received a gift from Trog
 30398 | Spider:4 | Identified a +2 rod of shadows (14/14) (You found it on level 4 of the Spider Nest)
 30771 | Spider:4 | Got a gossamer rune of Zot
 31108 | Swamp:1  | Entered Level 1 of the Swamp
 31156 | Swamp:1  | Received a gift from Trog
 31303 | Swamp:1  | Found a burning altar of Makhleb.
 31323 | Swamp:1  | Noticed Roxanne
 31333 | Swamp:1  | Fell from the grace of Trog
 31333 | Swamp:1  | Became a worshipper of Makhleb the Destroyer
 31802 | Swamp:1  | Killed Roxanne
 31989 | Swamp:2  | Reached XP level 18. HP: 149/168 MP: 20/20
 32159 | Swamp:2  | Reached * piety under Makhleb
 32879 | Swamp:3  | Reached ** piety under Makhleb
 33204 | Swamp:2  | Reached skill level 1 in Invocations
 33621 | Swamp:4  | Entered Level 4 of the Swamp
 33970 | Swamp:4  | Reached *** piety under Makhleb
 34296 | Swamp:4  | Reached skill level 21 in Unarmed Combat
 34478 | Swamp:4  | Reached **** piety under Makhleb
 34594 | Swamp:4  | Noticed the 27-headed Lernaean hydra
 34920 | Swamp:4  | Got a decaying rune of Zot
 35145 | Swamp:4  | Killed the 27-headed Lernaean hydra
 35539 | Elf:1    | Entered Level 1 of the Elven Halls
 35601 | Elf:1    | Got a scorched scale mail
 35612 | Elf:1    | Identified the +5 scale mail of Minor Irritation {Int+5} (You found it on level 1 of the Elven Halls)
 35841 | Elf:1    | Found a shimmering altar of Xom.
 36114 | Elf:1    | Identified a scroll of acquirement
 36115 | Elf:1    | Got a polished shield
 36121 | Elf:1    | Identified the +0 shield of Negation {rF- Str+5} (You acquired it on level 1 of the Elven Halls)
 36532 | Elf:2    | Found Tiak's Armour Emporium.
 36577 | Elf:2    | Reached ***** piety under Makhleb
 36580 | Elf:2    | Reached skill level 5 in Invocations
 36772 | Elf:2    | Reached XP level 19. HP: 177/177 MP: 21/21
 37122 | Elf:2    | Cast into level 2 of the Abyss (a deep elf sorcerer)
 37157 | Abyss:3  | Found a corrupted altar of Lugonu.
 37727 | Abyss:3  | Noticed a bone dragon
 37825 | Abyss:3  | Noticed an ancient lich
 37838 | Abyss:3  | Killed an ancient lich
 37932 | Abyss:3  | Noticed a lich
 37941 | Abyss:3  | Noticed a Brimstone Fiend
 38135 | Abyss:3  | Reached skill level 22 in Unarmed Combat
 38272 | Abyss:3  | Reached ****** piety under Makhleb
 38279 | Abyss:3  | Took a swim in molten lava

Vault maps used:
D:1:      minmay_arrival_jagged
D:2:      first_bread, minmay_misc_feat_roman, grunt_pakellas_sulfur
D:3:      lemuel_doored_altar, uniq_terence, uniq_sigmund
D:4:      uniq_robin
D:5:      lemuel_zombie_altar_kikubaaqudgha
D:6:      xom_butterflies, gammafunk_temple_overflow_statue,
          nicolae_overflow_hidden_temple, minmay_misc_feat_doors,
          kennysheep_generic_room_6
D:7:      minmay_temple_entry_statues_pillars
D:9:      kennysheep_little_box, david_lair_generic, serial_curves,
          eino_curves_02, eino_curves_03, serial_shops, nicolae_shop_crystal
D:10:     serial_shops, nicolae_shop_window_shopping, hangedman_tell_no_tales
D:11:     basic_altar, kennysheep_decorative_pillar, minmay_gold_behind_fungi
D:12:     orc_0_dummy, uniq_sonja
D:14:     grunt_vaults_entry_fortified, ashenzari_altar_1,
          kennysheep_minor_cross
D:15:     grunt_enter_depths_hoard, minivault_25
Lair:1:   st_stairs_13, grunt_forest_small_clearings, infiniplex_staircase_pool
Lair:2:   beast_lair_carwin_7
Lair:3:   lemuel_fruit_tree, infiniplex_staircase_pool_2
Lair:4:   grunt_forest_stairs_clearing
Lair:5:   minmay_swamp_entry_worms, nicolae_spider_entry_non_spiders,
          beast_lair_carwin_11, uniq_snorg
Lair:6:   dpeg_slime_entry_enclosed_altar, basic_altar, st_stairs_6,
          grunt_forest_large_clearings
Lair:7:   st_stairs_9, uniq_maud
Lair:8:   guppyfry_lair_end_dragon, wormcave
Swamp:1:  nicolae_swamp_godswood, uniq_roxanne
Swamp:2:  evilmike_swamp_ruin_wall, swamp_pool1, statue_in_the_mist_lemuel
Swamp:3:  evilmike_swamp_ruin_house_5, swamp_pool5
Swamp:4:  swamp_vile, swamp_pool5
Spider:3: nicolae_spider_cling_halls
Spider:4: grunt_spider_rune_circles
Orc:1:    nicolae_volcano_entry_lava_flow
Orc:2:    st_orc_open, uniq_donald
Elf:1:    due_chaos_kobolds
Elf:2:    serial_shops, nicolae_shop_crystal,
          nicolae_shop_competitors_out_of_business, shop, minivault_23,
          hangedman_elven_ridges, lemuel_elevator
Abyss:3:  nicolae_abyss_rune_star_stuff
Volcano:  volcano_pools

Action                   |  1- 3 |  4- 6 |  7- 9 | 10-12 | 13-15 | 16-18 | 19-21 || total
-------------------------+-------+-------+-------+-------+-------+-------+-------++-------
Melee: Unarmed           |   127 |    88 |   385 |   711 |  1495 |  1885 |   415 ||  5106
 Fire: Hunting sling     |       |    14 |    38 |       |       |       |       ||    52
Throw: Tomahawk          |       |       |       |    13 |     4 |     4 |       ||    21
       Stone             |       |       |       |     1 |       |       |       ||     1
Invok: Trog's Hand       |       |     3 |     2 |       |    14 |     3 |       ||    22
       Burn Spellbooks   |       |       |       |     2 |       |       |       ||     2
       Brothers in Arms  |       |       |       |     4 |    13 |       |       ||    17
       Lesser Servant of |       |       |       |       |       |       |     1 ||     1
 Abil: Evoke Flight      |       |       |       |       |       |    11 |     1 ||    12
       Stop Flying       |       |       |       |       |       |     4 |       ||     4
Evoke: Wand              |       |       |     1 |       |    12 |     3 |     9 ||    25
       Deck              |       |       |       |       |     6 |     1 |       ||     7
       Stone of tremors  |       |       |       |       |     1 |       |       ||     1
       Rod               |       |       |       |       |       |     3 |     2 ||     5
       Sack of spiders   |       |       |       |       |       |     1 |     1 ||     2
  Use: Potion            |       |     4 |     1 |       |     8 |       |       ||    13
       Scroll            |       |       |    15 |     7 |    14 |    18 |     3 ||    57
 Stab: Sleeping          |       |       |       |     4 |     1 |       |       ||     5
       Distracted        |       |       |       |     1 |     4 |       |       ||     5
       Confused          |       |       |       |       |     3 |     5 |       ||     8
       Petrified         |       |       |       |       |     1 |       |       ||     1
       Fleeing           |       |       |       |       |       |       |     1 ||     1
  Eat: Chunk             |    13 |     3 |    18 |    76 |   221 |   204 |    26 ||   561
       Pizza             |       |       |       |       |       |     1 |       ||     1
